 Dungeon Crawl Stone Soup version 0.30-a0-613-gdd512c7efb (webtiles) character file.

Game seed: 11886576766523774327

19 pokeman the Magician (level 2, -14/16 HPs)
             Began as a Deep Elf Hedge Wizard on Jan 8, 2023.
             Killed by an exploding scorpion (18 damage)
             ... ignited by their inner flame
             ... on level 2 of the Dungeon.
             The game lasted 00:02:25 (986 turns).

pokeman the Magician (Deep Elf Hedge Wizard)         Turns: 986, Time: 00:02:25

Health: -14/16     AC:  2    Str:  7    XL:     2   Next: 55%
Magic:  7/9        EV: 12    Int: 18    God:
Gold:   39         SH:  0    Dex: 14    Spells: 9/10 levels left

rFire   . . .      SeeInvis .    a - +0 dagger
rCold   . . .      Faith    .    (no shield)
rNeg    . . .      Spirit   .    b - +0 robe
rPois   .          Reflect  .    c - +0 hat
rElec   .          Harm     .    (no cloak)
rCorr   .          Rampage  .    (no gloves)
Will    .....                    (no boots)
Stlth   ++                       (no amulet)
HPRegen 0.22/turn                (no ring)
MPRegen 0.11/turn                (no ring)

@: mighty
A: deterioration 1, low MP 1, devolution 1
a: no special abilities


You were on level 2 of the Dungeon.
You visited 1 branch of the dungeon, and saw 2 of its levels.

You collected 39 gold pieces.

Inventory:

Hand Weapons
 a - a +0 dagger (weapon)
Armour
 b - a +0 robe (worn)
 c - a +0 hat (worn)
Scrolls
 e - a scroll of identify
 f - a scroll of fog
Potions
 d - a potion of magic
 i - a potion of invisibility {unknown}


   Skills:
 + Level 0.5 Fighting
 + Level 0.5 Armour
 - Level 2.4 Dodging
 - Level 2.4 Stealth
 * Level 4.9 Spellcasting
 + Level 1.5 Conjurations
 - Level 1.1 Summonings
 - Level 1.1 Translocations


You had 9 spell levels left.
You knew the following spells:

 Your Spells              Type           Power      Damage    Failure   Level
a - Magic Dart            Conj           40%        1d5       7%          1

Your spell library contained the following spells:

 Spells                   Type           Power      Damage    Failure   Level
 Foxfire                  Conj/Fire      28%        2x1d5     10%         1
 Blink                    Tloc           16%        N/A       13%         2
 Call Imp                 Summ           8%         N/A       13%         2
 Slow                     Hex            16%        N/A       14%         1
 Cigotuvi's Dreadful Rot  Necr/Pois/Air  8%         N/A       21%         2
 Mephitic Cloud           Conj/Pois/Air  6%         N/A       32%         3
 Fireball                 Conj/Fire      3%         3d4       95%         5
 Starburst                Conj/Fire      3%         6d3       100%        6


Dungeon Overview and Level Annotations

Branches:
Dungeon (2/15)

Altars:

Shops:
D:1 =


Innate Abilities, Weirdness & Mutations

Your body sometimes deteriorates upon taking damage.
Your magical capacity is low. (-10% MP)
You have hidden genetic defects.


Message History

Press: ? - help, Shift-Dir - straight line, f/p - kobold
Aim: a kobold, wielding a +0 whip (severely wounded, 100% to hit)
The magic dart hits the kobold.
You kill the kobold!
Casting: Magic Dart (safe; 7% risk of failure)
Confirm with . or Enter, or press ? or * to list all spells.
Aiming: Magic Dart (safe; 7% risk of failure)
Press: ? - help, Shift-Dir - straight line, f - goblin
Aim: a goblin, wielding a +0 dagger (100% to hit)
The magic dart hits the goblin.
You kill the goblin!
Your magical contamination has completely faded away.
Unknown command.
As you read the scroll labelled EPNEGR FYKE, it crumbles to dust.
It is a scroll of identify.
f - a scroll of fog The scorpion stings you.
As you read the scroll labelled DIMALI IDEBAWN, it crumbles to dust.
You feel aware of your surroundings.
You sensed 1 altar, and 1 shop/portal.
It was a scroll of magic mapping.
The scorpion stings you.
As you read the scroll labelled FOSHRO XIMMECK, it crumbles to dust.
The creatures around you are filled with an inner flame!
It was a scroll of immolation.
The scorpion misses you.
It was a potion of might.
You feel very mighty all of a sudden. The scorpion closely misses you.
The scorpion stings you!
* * * LOW HITPOINT WARNING * * *
You hit the scorpion.
Flame seeps out of the scorpion.
The scorpion is moderately wounded.
The scorpion is engulfed in blazing flames.
Flame seeps out of the scorpion.
The scorpion misses you.
It was a potion of mutation.
You feel extremely strange.
You feel less energetic.
You feel a hidden malignance growing inside you.
You feel yourself wasting away.
The scorpion is engulfed in blazing flames.
The scorpion explodes!
The fiery explosion engulfs you!!
Ouch! That really hurt!
You die...

##*##############
##.##......>.....#
##...#.####..####.#
###.>..........####.#
#........#........#.#
*,#....<.#.#...##.#.# *
*,##..........@##.#.#
*****##.#†####.#.○§...#
,,,** ###.####.####.###
~,,,* #......# #.#
~,,** ######## #.#
,,*** ******* #.# ***,*
*,,,,,* #.#### ,,*,*
*,,,,,* #....# ,**,*
*,,,,,***####s#


There were no monsters in sight!

Vanquished Creatures
  A scorpion (D:2)
  A ball python (D:1)
  2 endoplasms (D:1)
  A giant cockroach (D:2)
  A goblin (D:2)
  4 jackals
  3 bats (D:1)
  3 kobolds
  3 rats (D:1)
19 creatures vanquished.

Notes
Turn   | Place    | Note
-------+----------+-------------------------------------------
     0 | D:1      | pokeman the Deep Elf Hedge Wizard began the quest for the
                  | Orb.
     0 | D:1      | Reached XP level 1. HP: 10/10 MP: 7/7
   293 | D:1      | Found Picantif's Jewellery Shop.
   540 | D:1      | Reached XP level 2. HP: 15/15 MP: 6/9
   964 | D:2      | Noticed a scorpion
   986 | D:2      | Gained mutation: Your magical capacity is low. (-10% MP)
                  | [potion of mutation]
   986 | D:2      | Gained mutation: You have hidden genetic defects. [potion
                  | of mutation]
   986 | D:2      | Gained mutation: Your body sometimes deteriorates upon
                  | taking damage. [potion of mutation]
   986 | D:2      | Killed a scorpion
   986 | D:2      | Killed by an exploding scorpion... ignited by their inner
                  | flame

Illustrated notes

Levels and vault maps discovered:
D:1:      elethiomel_arrival_maze, layout_rooms, serial_shops,
          nicolae_shop_crystal
D:2:      layout_loops_cross, serial_shops, nicolae_shop_waterfront,
          dreamdust_ecumenical_altar_hidden_monk_grotto

Action                   || total
-------------------------++-------
Melee: Dagger            ||    12
 Cast: Magic Dart        ||    38
  Use: Scroll            ||     3
       Potion            ||     2
Armor: Robe              ||     4
Dodge: Dodged            ||    26

Table legend: (Time is in decaauts)
 A = Elapsed time spent in this place.
 B = Non-inter-level travel time spent in this place.
 C = Inter-level travel time spent in this place.
 D = Time resting spent in this place.
 E = Time spent auto-exploring this place.
 F = Levels seen in this place.
 G = Mean time per level.
                   A        B        C        D        E       F      G
               +--------+--------+--------+--------+--------+-----+--------+
         Total |    986 |    961 |     25 |    207 |    648 |   2 |  493.0 |
       Dungeon |    986 |    961 |     25 |    207 |    648 |   2 |  493.0 |
               +--------+--------+--------+--------+--------+-----+--------+

Top non-repeatable levels by time:
     D:1: 817 daAuts
     D:2: 169 daAuts
